 Dungeon Crawl Stone Soup version 0.26.1-13-g052cdd8df3 (webtiles) character file.

Game seed: 10735320426868383440

117 sankara the Insei (level 5, -5/37 HPs)
             Began as a Merfolk Transmuter on Jan 18, 2022.
             Slain by an iguana (13 damage)
             ... on level 4 of the Dungeon.
             The game lasted 00:05:42 (3979 turns).

sankara the Insei (Merfolk Transmuter)              Turns: 3979, Time: 00:05:42

Health: -5/37      AC:  3    Str: 10    XL:     5   Next: 1%
Magic:  2/8        EV: 13    Int: 12    God:
Gold:   132        SH:  0    Dex: 16    Spells: 2/8 levels left

rFire    . . .     SeeInvis .     - Unarmed
rCold    . . .     Faith    .   (no shield)
rNeg     . . .     Spirit   .   a - +0 robe
rPois    .         Reflect  .   (helmet currently unavailable)
rElec    .         Harm     .   k - +0 cloak
rCorr    .         Rampage  .   (no gloves)
Will     .....                  (boots currently unavailable)
Stlth    +.........             (no amulet)
HPRegen  0.12/turn              (no ring)
MPRegen  0.11/turn              (no ring)

@: appendages (expiring), very slightly contaminated
A: change form in water, swift swim, stealthy swim, horns 2
a: End Transformation


You were on level 4 of the Dungeon.
You had grown temporary horns.
You visited 1 branch of the dungeon, and saw 4 of its levels.

You collected 132 gold pieces.

Inventory:

Missiles
 e - 72 stones
 o - 8 boomerangs
 s - 22 sling bullets
Armour
 a - a +0 robe (worn)
 k - a +0 cloak (worn)
Jewellery
 m - a +4 ring of evasion {unknown}
Wands
 t - a wand of random effects (20)
 u - a wand of flame (24)
Scrolls
 d - 2 scrolls of fear {unknown}
 f - 2 scrolls of amnesia {unknown}
 g - 3 scrolls of enchant weapon {unknown}
 i - 4 scrolls of identify {unknown}
 l - a scroll of blinking {unknown}
 p - a scroll of noise {unknown}
 q - a scroll of fog {unknown}
 r - a scroll of random uselessness {unknown}
Potions
 b - 2 potions of berserk rage {unknown}
 c - 2 potions of invisibility {unknown}
 h - a potion of lignification {unknown}
 j - a potion of attraction {unknown}
 n - 2 potions of curing {unknown}
 v - a potion of brilliance {unknown}


   Skills:
 - Level 1.1 Fighting
 - Level 2.6 Dodging
 + Level 4.5 Unarmed Combat
 - Level 2.0 Spellcasting
 * Level 4.4 Transmutations
 * Level 2.3 Poison Magic


You had 2 spell levels left.
You knew the following spells:

 Your Spells              Type           Power        Failure   Level
a - Beastly Appendage     Tmut           22%          4%          1
b - Wereblood             Tmut           11%          7%          2
c - Spider Form           Tmut/Pois      4%           21%         3

Your spell library contained the following spells:

 Spells                   Type           Power        Failure   Level
 Ice Form                 Ice/Tmut       6%           73%         4
 Blade Hands              Tmut           5%           77%         5


Dungeon Overview and Level Annotations

Branches:
Dungeon (4/15)
 Temple: D:4-7

Altars:


Innate Abilities, Weirdness & Mutations

You revert to your normal form in water.
You are very nimble and swift while swimming.
You are very stealthy in the water. (Stealth+)
You have a pair of horns on your head.


Message History

You are too injured to fight recklessly!
You closely miss the iguana.
You headbutt the iguana, but do no damage.
The iguana is moderately wounded.
The iguana bites you.
* * * LOW HITPOINT WARNING * * *
You hit the iguana but do no damage. Your punch misses the iguana.
The iguana is moderately wounded.
The iguana bites you.
* * * LOW HITPOINT WARNING * * *
You hit the iguana but do no damage.
The iguana is moderately wounded.
The iguana closely misses you.
You hit the iguana. Your headbutt misses the iguana.
The iguana is heavily wounded.
Your transformation is almost over.
You hit the iguana.
The iguana is severely wounded.
The iguana bites you!
You die...

#...## ### ## #.... ..#
.. #.##...# #.# #.#
..#...# #.# #...#.#...
#.# ....... #.# ###
#.#.l# ##### #.###..
..##...@####...###.##...
...........#...##.......
#####...##..............
#...####............
#...................
#...##..............
#.#.##....>#......##
..#...............#
..##..##........>..#


You could see an iguana.

Vanquished Creatures
  An orc priest (D:3)
  An adder (D:3)
  2 dart slugs (D:1)
  5 leopard geckos
  9 orcs
  3 giant cockroaches
  6 goblins
  7 hobgoblins
  4 jackals (D:2)
  6 kobolds
  A quokka (D:2)
  7 bats
  A frilled lizard (D:4)
  5 rats
58 creatures vanquished.

Notes
Turn   | Place    | Note
-------+----------+-------------------------------------------
     0 | D:1      | sankara the Merfolk Transmuter began the quest for the Orb.
     0 | D:1      | Reached XP level 1. HP: 15/15 MP: 3/3
   316 | D:1      | Reached XP level 2. HP: 19/21 MP: 3/5
   514 | D:1      | Learned a level 2 spell: Wereblood
   656 | D:1      | Reached XP level 3. HP: 10/26 MP: 6/6
  1113 | D:1      | Learned a level 3 spell: Spider Form
  1837 | D:2      | Reached skill level 1 in Poison Magic
  2861 | D:3      | Reached XP level 4. HP: 22/32 MP: 4/7
  3771 | D:4      | Reached XP level 5. HP: 28/37 MP: 5/8
  3979 | D:4      | Slain by an iguana

Illustrated notes

Levels and vault maps discovered:
D:1:      heliophobic_arrival_enchanted_forest, layout_basic, chequers_garden,
          minmay_misc_feat_square, hangedman_decor_peaks_small
D:2:      layout_rooms
D:3:      layout_basic
D:4:      layout_rooms

Skill      XL: |  1  2  3  4 |
---------------+-------------+-----
Transmutations | 3 4 |  4.4
Unarmed Combat | 4 |  4.5
Poison Magic   | 1 2 |  2.3
Fighting       | |  1.1
Dodging        | |  2.6
Spellcasting   | |  2.0

Action                   |  1- 3 |  4- 6 || total
-------------------------+-------+-------++-------
Melee: Unarmed           |   132 |    37 ||   169
       Headbutt          |     6 |     1 ||     7
       Punch             |     4 |       ||     4
 Cast: Beastly Appendage |    15 |     1 ||    16
       Spider Form       |     9 |     6 ||    15
Armor: Robe              |    24 |       ||    24
       Skin              |     1 |       ||     1
Dodge: Dodged            |   100 |    30 ||   130
